 Dungeon Crawl Stone Soup version 0.25-a0-614-g73ad250637 (webtiles) character file.

Game seed: 5019198365547771244, levelgen mode: deterministic

81 n0claF the Chopper (level 4, -1/40 HPs)
             Began as a Hill Orc Fighter on Mar 17, 2020.
             Slain by Sigmund
             ... wielding a +4 scythe of flaming
              (3 damage)
             ... on level 2 of the Dungeon.
             The game lasted 00:02:29 (1206 turns).

n0claF the Chopper (Hill Orc Fighter)               Turns: 1206, Time: 00:02:29

Health: -1/40      AC:  7    Str: 19    XL:     4   Next: 42%
Magic:  4/4        EV:  7    Int:  8    God:
Gold:   47         SH:  0    Dex: 10    Spells: 3/3 levels left

rFire    . . .     SeeInvis .   a - +0 war axe
rCold    . . .     Gourm    .   c - +0 kite shield
rNeg     . . .     Faith    .   b - +0 scale mail
rPois    .         Spirit   .   (no helmet)
rElec    .         Reflect  .   (no cloak)
rCorr    .         Harm     .   (no gloves)
MR       .....                  (no boots)
Stlth    ..........             (no amulet)
HPRegen  0.13/turn              (no ring)
MPRegen  0.09/turn              (no ring)

@: confused, mighty
A: no striking features
a: no special abilities


You were on level 2 of the Dungeon.
You were not hungry.

You visited 1 branch of the dungeon, and saw 2 of its levels.

You collected 47 gold pieces.

Inventory:

Hand Weapons
 a - a +0 war axe (weapon)
Armour
 b - a +0 scale mail (worn)
 c - a +0 kite shield (worn)
Scrolls
 g - 3 scrolls of remove curse {unknown}
 i - 5 scrolls of identify {unknown}
 j - a scroll of teleportation {unknown}
 k - 2 scrolls of fog {unknown}
 l - a scroll of amnesia {unknown}
 m - a scroll of random uselessness {unknown}
 p - a scroll of enchant armour {unknown}
Potions
 h - a potion of magic {unknown}
 n - a potion of heal wounds {unknown}
 o - a potion of berserk rage {unknown}
Comestibles
 e - 4 rations {!d}
 f - 8 chunks of flesh


   Skills:
 + Level 4.2 Fighting
 * Level 4.3 Axes
 + Level 3.8 Armour
 + Level 3.9 Shields


You had 3 spell levels left.
You didn't know any spells.
Your spell library was empty.

Dungeon Overview and Level Annotations

Branches:
Dungeon (2/15)

Altars:

Annotations:
D:2 Sigmund


Message History

Sigmund the Dreaded comes into view.
He is wielding a +4 scythe of flaming.
Sigmund shouts!
Okay, then.
You feel very mighty all of a sudden.
Sigmund hits you with a +4 scythe of flaming.
Sigmund burns you.
You barely miss Sigmund. Sigmund casts a spell at you.
You resist with some effort.
Your scale mail prevents you from hitting Sigmund.
You block Sigmund's attack.
You slash Sigmund! Sigmund casts a spell at you. The puff of flame hits you.
You closely miss Sigmund.
Sigmund points at you and mumbles some strange words.
You are confused.
You slash Sigmund!
Sigmund gestures wildly while chanting.
Sigmund flickers and vanishes!
Deactivating autopickup; reactivate with Ctrl-A.
Something hits you! Something burns you.
You're too confused to move!
Unknown command.
You miss something.
You hear some strange, mumbled words.
A puff of flame appears from out of thin air!
The puff of flame hits you!
* * * LOW HITPOINT WARNING * * *
You miss something.
You hear some strange, mumbled words.
A puff of flame appears from out of thin air!
The puff of flame misses you. Something hits you.
* * * LOW HITPOINT WARNING * * *
Something burns you.
* * * LOW HITPOINT WARNING * * *
You barely miss something.
You feel less confused. Something hits you.
* * * LOW HITPOINT WARNING * * *
Something burns you.
* * * LOW HITPOINT WARNING * * *
You hear some strange, mumbled words.
You are confused.
Something hits you but does no damage.
You're too confused to move!
Something hits you.
You die...

# #....###..#
#........## ###
#####.######### ..#
###.# ##...## ..####
#...# ##.....##
#....####..# #.......#
###....###.# #.......#
...>#...#..# #..{....#
(..>#.#.#..####.@...#
....#...............#
....###......)..(....#
.........#.###.......#
..<.###....# #.......#
....# ##.### ##.....##
....# #..# ##...##
....# #.## ##### ...##
#.#


There were no monsters in sight!

Vanquished Creatures
  2 adders (D:2)
  2 dart slugs (D:1)
  A leopard gecko (D:1)
  6 bats
  3 giant cockroaches
  9 goblins
  7 hobgoblins
  6 jackals (D:1)
  5 kobolds
  2 quokkas (D:2)
  2 frilled lizards
  6 rats (D:1)
51 creatures vanquished.

Notes
Turn   | Place    | Note
-------+----------+-------------------------------------------
     0 | D:1      | n0claF the Hill Orc Fighter began the quest for the Orb.
     0 | D:1      | Reached XP level 1. HP: 19/19 MP: 1/1
   157 | D:1      | Reached XP level 2. HP: 26/27 MP: 2/2
   366 | D:1      | Reached XP level 3. HP: 33/33 MP: 3/3
   891 | D:2      | Reached XP level 4. HP: 35/40 MP: 4/4
  1188 | D:2      | Noticed Sigmund
  1202 | D:2      | HP: 2/40 [something (3)]
  1206 | D:2      | Slain by Sigmund

Levels and vault maps discovered:
D:1:      scummos_arrival_star, layout_basic, minmay_heptomino_h4
D:2:      layout_rooms, first_ration, nicolae_dithmenos_shadow_blocks,
          uniq_sigmund

Skill      XL: |  1  2  3 |
---------------+----------+-----
Axes           | 3 4 |  4.3
Fighting       | 4 |  4.2
Armour         | |  3.8
Shields        | |  3.9

Action                   |  1- 3 |  4- 6 || total
-------------------------+-------+-------++-------
Melee: War axe           |    98 |    50 ||   148
  Use: Potion            |       |     1 ||     1
  Eat: Chunk             |       |     1 ||     1
Armor: Scale mail        |    51 |    35 ||    86
Dodge: Dodged            |    49 |    25 ||    74
Block: Kite shield       |    44 |    29 ||    73

Table legend:
 A = Non-vault XP
 B = Vault XP
 C = Vault XP percentage of total XP
 D = Non-vault monster count
 E = Vault monster count
 F = Vault count percentage of total count
                 A         B        C        D         E       F
            +---------+---------+-------+---------+---------+-------
      Total |     111 |       6 |   5.1 |      47 |       4 |   7.8
            +---------+---------+-------+---------+---------+-------
        D:1 |      52 |       6 |  10.3 |      27 |       4 |  12.9
        D:2 |      59 |       0 |   0.0 |      20 |       0 |   0.0
            +---------+---------+-------+---------+---------+-------
